 Dungeon Crawl Stone Soup version 0.18.0-1-g0107ab7 (webtiles) character file.

268 Locuples the Insei (level 6, -2/70 HPs)
             Began as a Demonspawn Monk on May 5, 2016.
             Slain by subsebi's ghost (8 damage)
             ... on level 4 of the Dungeon.
             The game lasted 00:08:41 (3075 turns).

Locuples the Insei (Demonspawn Monk)                Turns: 3075, Time: 00:08:42

Health: -2/70      AC:  9    Str: 18    XL:     6   Next: 0%
Magic:  6/6        EV: 13    Int: 11    God:
Gold:   98         SH:  4    Dex: 16    Spells: 0 memorised, 5 levels left

rFire  . . .     SeeInvis .       - Unarmed
rCold  + . .     Gourm    .     k - +2 leather armour {rC+}
rNeg   . . .     Faith    .     g - +0 buckler
rPois  .         Spirit   .     (helmet restricted)
rElec  .         Dismiss  .     (no cloak)
rCorr  .         Reflect  .     (no gloves)
SustAt .         Harm     .     h - +1 pair of boots
MR     .....                    (no amulet)
Stlth  ..........               (no ring)
                                (no ring)

@: berserking (expiring), lethally poisoned (-2 -> -2), drained, very quick, not
resistant to hostile enchantments, extremely unstealthy
A: antennae 1, thin metallic scales 1, powered by death 1
a: no special abilities


You were on level 4 of the Dungeon.
You were hungry.

You visited 1 branch of the dungeon, and saw 4 of its levels.

You collected 98 gold pieces.

Inventory:

Armour
 a - a +0 robe
 e - a +0 robe
 g - a +0 buckler (worn)
 h - a +1 pair of boots (worn)
 k - a +2 leather armour of cold resistance (worn)
Jewellery
 d - a cursed -3 ring of evasion {unknown}
Scrolls
 l - a scroll of teleportation {unknown}
 o - 3 scrolls of recharging {unknown}
 q - a scroll of remove curse
Potions
 c - a potion of resistance
 p - 3 potions of cure mutation
Books
 n - a book of Frost

   Spells                             Type                      Level
   a - Freeze                         Ice                          1
   b - Throw Frost                    Conjuration/Ice              2
   c - Ozocubu's Armour               Charms/Ice                   3
   d - Throw Icicle                   Conjuration/Ice              4
   e - Summon Ice Beast               Ice/Summoning                4
Comestibles
 b - 5 bread rations
 f - a meat ration
 i - a slice of pizza
 j - a beef jerky


   Skills:
 + Level 3.6(3.4) Fighting
 + Level 1.2(1.0) Armour
 + Level 4.0(3.8) Dodging
 - Level 1.8(1.6) Stealth
 + Level 0.6(0.4) Shields
 + Level 5.1(4.9) Unarmed Combat


You had 5 spell levels left.
You didn't know any spells.

Dungeon Overview and Level Annotations

Branches:
Dungeon (4/15)
 Temple: D:4-7

Altars:
Gozag
Ru
Trog

Annotations:
D:4 subsebi's ghost, amateur DsCK


Innate Abilities, Weirdness & Mutations

You have a pair of small antennae on your head.
You are partially covered in thin metallic scales (AC +2).
You regenerate a little health from kills.


Message History

* * * LOW HITPOINT WARNING * * *
You punch subsebi's ghost!
Subsebi's ghost is almost destroyed.
You hit subsebi's ghost but do no damage.
Subsebi's ghost is almost destroyed.
You feel sick. Subsebi's ghost barely misses you.
You barely miss subsebi's ghost.
Subsebi's ghost is almost destroyed.
You hit subsebi's ghost but do no damage.
Subsebi's ghost is almost destroyed.
Subsebi's ghost misses you.
You hit subsebi's ghost.
Subsebi's ghost is almost destroyed.
You block subsebi's ghost's attack.
You closely miss subsebi's ghost.
Subsebi's ghost is almost destroyed.
Your shield prevents you from hitting subsebi's ghost.
Subsebi's ghost is almost destroyed.
You feel sick. Subsebi's ghost hits you!
You die...

### #.. ## #.# # #..
#.#.# #._.##.#.#
#.....@..# #+####
#....#W### ##...##. ####
#.### ##.....#. #.#.##
##........
#######....####.........
..............'.........
#######....####.........
#.#.## ##........ ##.###
##.....#.


You could see subsebi's ghost.

Vanquished Creatures
  The ghost of jesusflecha the Ducker, an amateur DsGl (D:3)
  An orc priest (D:3)
  A worker ant (D:4)
  3 adders
  A worm (D:3)
  A dart slug (D:2)
  A giant gecko (D:1)
  9 bats
  2 giant cockroaches
  8 goblins
  8 hobgoblins
  2 jackals (D:1)
  2 quokkas (D:3)
  3 giant newts (D:2)
  7 kobolds
  11 rats
61 creatures vanquished.

Notes
Turn   | Place    | Note
--------------------------------------------------------------
     0 | D:1      | Locuples the Demonspawn Monk began the quest for the Orb.
     0 | D:1      | Reached XP level 1. HP: 18/18 MP: 1/1
   290 | D:1      | Gained mutation: You are partially covered in thin metallic scales (AC +2). [demonic ancestry]
   290 | D:1      | Reached XP level 2. HP: 16/24 MP: 2/2
   300 | D:1      | Reached skill level 4 in Unarmed Combat
   709 | D:1      | Reached XP level 3. HP: 25/29 MP: 3/3
   862 | D:2      | Found an opulent altar of Gozag.
  1173 | D:2      | Found a sacrificial altar of Ru.
  1842 | D:3      | Reached XP level 4. HP: 32/35 MP: 4/4
  2001 | D:3      | Noticed jesusflecha's ghost (amateur DsGl)
  2026 | D:3      | Killed jesusflecha's ghost
  2026 | D:3      | Reached skill level 1 in Armour
  2026 | D:3      | Reached skill level 5 in Unarmed Combat
  2026 | D:3      | Gained mutation: You have a pair of small antennae on your head. [demonic ancestry]
  2026 | D:3      | Reached XP level 5. HP: 7/41 MP: 5/5
  3016 | D:4      | Gained mutation: You regenerate a little health from kills. [demonic ancestry]
  3016 | D:4      | Reached XP level 6. HP: 43/47 MP: 6/6
  3030 | D:4      | Noticed subsebi's ghost (amateur DsCK)
  3036 | D:4      | Found a bloodstained altar of Trog.
  3075 | D:4      | Slain by subsebi's ghost

Skill      XL: |  1  2  3  4  5 |
---------------+----------------+-----
Unarmed Combat | 4 5 |  5.1
Dodging        | 3 4 |  4.0
Armour         | 1 |  1.2
Fighting       | |  3.6
Stealth        | |  1.8
Shields        | |  0.6

Action                   |  1- 3 |  4- 6 || total
-------------------------+-------+-------++-------
Melee: Unarmed           |   138 |   105 ||   243
       Punch             |     1 |       ||     1
  Use: Scroll            |     4 |       ||     4
       Potion            |       |     3 ||     3
 Stab: Sleeping          |    10 |     1 ||    11
  Eat: Chunk             |     1 |       ||     1
       Meat ration       |       |     1 ||     1
Armor: Robe              |    36 |       ||    36
       Leather armour    |     5 |    17 ||    22
Dodge: Dodged            |   113 |    38 ||   151
Block: Buckler           |     8 |    15 ||    23
